 Dungeon Crawl Stone Soup version 0.24-a0-613-g1ff6aac (webtiles) character file.

Game seed: 4325062025767109321, levelgen mode: deterministic

718 COBRA the Cleaver (level 8, -3/58 HPs)
             Began as a Human Fighter on Sept 9, 2019.
             Slain by a centaur (8 damage)
             ... on level 6 of the Dungeon on Sept 10, 2019.
             The game lasted 00:04:49 (1187 turns).

COBRA the Cleaver (Human Fighter)                   Turns: 1187, Time: 00:04:50

Health: -3/58      AC:  7    Str: 23    XL:     8   Next: 1%
Magic:  8/8        EV:  7    Int:  8    God:
Gold:   125        SH:  9    Dex: 14    Spells: 7/7 levels left

rFire    . . .     SeeInvis .   a - +0 war axe
rCold    . . .     Gourm    .   c - +0 shield
rNeg     . . .     Faith    .   b - +1 scale mail
rPois    .         Spirit   .   (no helmet)
rElec    +         Reflect  .   (no cloak)
rCorr    .         Harm     .   (no gloves)
MR       .....                  (no boots)
Stlth    ..........             (no amulet)
HPRegen  0.19/turn              (no ring)
MPRegen  0.11/turn              (no ring)

@: mighty, lethally poisoned (-3 -> -4), hasted, very quick
A: low mp 1, electricity resistance, wild magic 1
a: no special abilities


You were on level 6 of the Dungeon.
You were very hungry.

You visited 1 branch of the dungeon, and saw 7 of its levels.

You collected 125 gold pieces.

Inventory:

Hand Weapons
 a - a +0 war axe (weapon)
 g - the +1 arbalest "Xuahax" {penet, rPois}
   (You found it on level 5 of the Dungeon)

   Ammo fired by it will pass through the targets it hits, potentially hitting
   all targets in its path until it reaches maximum range.
   It protects you from poison.
 h - a +2 whip of freezing
Armour
 b - a +1 scale mail (worn)
 c - a +0 shield (worn)
Wands
 k - a wand of paralysis (7)
Potions
 d - a potion of might
 e - 2 potions of agility
Comestibles
 f - 5 rations


   Skills:
 - Level 3.0 Fighting
 * Level 8.1 Axes
 - Level 3.0 Armour
 - Level 3.0 Shields
 - Level 2.1 Evocations


You had 7 spell levels left.
You didn't know any spells.
Your spell library was empty.

Dungeon Overview and Level Annotations

Branches:
Dungeon (7/15)             Temple (0/1) D:5

Altars:
Hepliaklqana
Trog
Vehumet


Innate Abilities, Weirdness & Mutations

Your magical capacity is low. (-10% MP)
You are resistant to electric shocks. (rElec)
Your spells are a little harder to cast, but a little more powerful.


Message History

A magic dart appears from out of thin air!
The magic dart hits you.
The centaur shoots an arrow.
The arrow hits you!
* * * LOW HITPOINT WARNING * * *
The centaur unwields a +0 shortbow.
The centaur hits you!
* * * LOW HITPOINT WARNING * * *
The centaur closely misses you.
Items here: (( ))) [[ † It was a potion of mutation.
You feel extremely strange.
You feel less in control of your magic.
You feel less energetic.
You feel insulated. You block the centaur's attack.
It was a potion of haste.
You feel yourself speed up.
You feel sick. The centaur closely misses you. You block the centaur's attack.
You feel as though your hastened speed will last longer.
The centaur hits you but does no damage.
You aren't carrying any scrolls.
Your shield and scale mail prevent you from hitting the centaur.
You block the centaur's attack.
You barely miss the centaur. You barely miss something. The centaur hits you!
You die...

#.########
#...###...... #.#
### ###.# #....#.
#.# #.#
#......#(#. #.#
#.#####......#.#.
#.#
#........Z......#
#.#
#.../...........#
#.# #........
#.######{.......
#(..†.(@c.......
########........
#........
#........
#........
#########


You could see a centaur.

Vanquished Creatures
  Pikel (D:6)
  A scorpion (D:6)
  A crimson imp (D:6)
  2 hounds (D:6)
  A worker ant (D:7)
  2 hound zombies (D:6)
  2 adders
  An ooze (D:1)
  2 dart slugs (D:1)
  4 leopard geckos
  3 orcs (D:6)
  2 bats (D:2)
  4 giant cockroaches
  2 goblins (D:2)
  2 quokkas
  A ball python (D:2)
  3 frilled lizards
  A jackal zombie (D:6)
  4 kobolds
  6 rats
45 creatures vanquished.

Vanquished Creatures (others)
  An adder (D:6)
  An orc (D:6)
2 creatures vanquished.

Grand Total: 47 creatures vanquished

Notes
Turn   | Place    | Note
-------+----------+-------------------------------------------
     0 | D:1      | COBRA the Human Fighter began the quest for the Orb.
     0 | D:1      | Reached XP level 1. HP: 18/18 MP: 1/1
    77 | D:1      | Reached XP level 2. HP: 23/24 MP: 2/2
   100 | D:1      | Reached skill level 3 in Axes
   202 | D:2      | Reached XP level 3. HP: 28/29 MP: 3/3
   760 | D:3      | Found a bloodstained altar of Trog.
   823 | D:4      | Reached skill level 4 in Axes
   823 | D:4      | Reached XP level 4. HP: 33/35 MP: 4/4
   904 | D:5      | Entered Level 5 of the Dungeon
   907 | D:5      | Found a radiant altar of Vehumet.
   913 | D:5      | Got a fine arbalest
   925 | D:5      | Identified the +1 arbalest "Xuahax" {penet, rPois} (You
                  | found it on level 5 of the Dungeon)
   958 | D:6      | Reached skill level 1 in Evocations
  1019 | D:6      | Reached XP level 5. HP: 41/41 MP: 4/6
  1026 | D:6      | Noticed a slave
  1026 | D:6      | Noticed a slave
  1026 | D:6      | Noticed a slave
  1027 | D:6      | Noticed Pikel
  1028 | D:6      | Noticed a slave
  1049 | D:6      | Killed Pikel
  1049 | D:6      | Reached skill level 7 in Axes
  1049 | D:6      | Reached XP level 6. HP: 47/47 MP: 7/7
  1049 | D:6      | Reached XP level 7. HP: 52/52 MP: 8/8
  1101 | D:6      | Found a hazy altar of Hepliaklqana.
  1173 | D:6      | Reached skill level 8 in Axes
  1175 | D:6      | Reached XP level 8. HP: 32/58 MP: 9/9
  1183 | D:6      | Gained mutation: Your spells are a little harder to cast,
                  | but a little more powerful. [potion of mutation]
  1183 | D:6      | Gained mutation: Your magical capacity is low. (-10% MP)
                  | [potion of mutation]
  1183 | D:6      | Gained mutation: You are resistant to electric shocks.
                  | (rElec) [potion of mutation]
  1187 | D:6      | Slain by a centaur

Levels and vault maps discovered:
D:1:      zelgadis_glass_arrival_small, layout_basic
D:2:      layout_loops_cross
D:3:      layout_basic, kennysheep_okawaru_gauntlet,
          chequers_ecumenical_altar_grove, trog_three_pillars_becter
D:4:      layout_basic, first_ration, hangedman_decor_points,
          minmay_misc_feat_more_columns
D:5:      layout_cave_pools, kennysheep_mini, minmay_temple_entry_offerings,
          serial_bayou, serial_bayou_pond_d, serial_bayou_pond_d,
          serial_bayou_lagoon_b, serial_bayou_pond_e
D:6:      layout_basic, nicolae_overflow_crystal_walls, lemuel_blue_sif_altar,
          uniq_sigmund, uniq_pikel
D:7:      layout_loops_ring, grunt_temple_overflow_cloverleaf, serial_glass,
          glass_columns_a, glass_columns_a, glass_columns_a, glass_columns_c,
          hangedman_glass_teeth

Skill      XL: |  1  2  3  4  5  6  7 |
---------------+----------------------+-----
Axes           | 3 4 7 8 |  8.1
Evocations     | 2 |  2.1
Fighting       | |  3.0
Armour         | |  3.0
Shields        | |  3.0

Action                   |  1- 3 |  4- 6 |  7- 9 || total
-------------------------+-------+-------+-------++-------
Melee: War axe           |    95 |    33 |    44 ||   172
Evoke: Wand              |       |     2 |       ||     2
  Use: Scroll            |     3 |     2 |       ||     5
       Potion            |       |       |     4 ||     4
 Stab: Paralysed         |       |    11 |       ||    11
Armor: Scale mail        |    54 |     4 |    14 ||    72
Dodge: Dodged            |    35 |     6 |    16 ||    57
Block: Shield            |    51 |    17 |    21 ||    89

Table legend:
 A = Non-vault XP
 B = Vault XP
 C = Vault XP percentage of total XP
 D = Non-vault monster count
 E = Vault monster count
 F = Vault count percentage of total count
                 A         B        C        D         E       F
            +---------+---------+-------+---------+---------+-------
      Total |     376 |     651 |  63.4 |      44 |       1 |   2.2
            +---------+---------+-------+---------+---------+-------
        D:1 |      33 |       0 |   0.0 |      14 |       0 |   0.0
        D:2 |      33 |       0 |   0.0 |      14 |       0 |   0.0
        D:3 |       2 |       0 |   0.0 |       1 |       0 |   0.0
        D:4 |      17 |       0 |   0.0 |       3 |       0 |   0.0
        D:6 |     258 |     651 |  71.6 |      11 |       1 |   8.3
        D:7 |      33 |       0 |   0.0 |       1 |       0 |   0.0
            +---------+---------+-------+---------+---------+-------
